 Dungeon Crawl Stone Soup version 0.24.0-123-gd5b16e6ec5 (webtiles) character file.

Game seed: 17848015976741311882, levelgen mode: deterministic

63 Hopiakuusi the Ruffian (level 3, 0/36 HPs)
             Began as a Troll Berserker on Dec 27, 2019.
             Was a Believer of Trog.
             Slain by an orc
             ... wielding a +0 whip
              (2 damage)
             ... on level 2 of the Dungeon.
             The game lasted 00:06:36 (1440 turns).

Hopiakuusi the Ruffian (Troll Berserker)            Turns: 1440, Time: 00:06:36

Health: 0/36       AC:  6    Str: 25    XL:     3   Next: 89%
Magic:  2/2        EV: 10    Int:  3    God:    Trog [**....]
Gold:   54         SH:  0    Dex: 10    Spells: 2/2 levels left

rFire    . . .     SeeInvis .     - Unarmed
rCold    . . .     Gourm    +   (no shield)
rNeg     . . .     Faith    .   a - +0 animal skin
rPois    .         Spirit   .   (helmet restricted)
rElec    .         Reflect  .   (no cloak)
rCorr    .         Harm     .   (gloves unavailable)
MR       .....                  (boots unavailable)
Stlth    +.........             (no amulet)
HPRegen  0.52/turn              (no ring)
MPRegen  0.08/turn              (no ring)

@: slowed, very slow
A: large, unfitting armour, claws 3, fast metabolism 3, gourmand, regeneration
1, shaggy fur 1, tough skin 3
a: Berserk, Trog's Hand, Renounce Religion


You were on level 2 of the Dungeon.
You worshipped Trog.
Trog was pleased with you.
You were full.

You visited 1 branch of the dungeon, and saw 2 of its levels.

You collected 54 gold pieces.

Inventory:

Missiles
 c - 65 stones (quivered)
 m - 14 poisoned darts
Armour
 a - a +0 animal skin (worn)
Jewellery
 k - an uncursed ring of protection from fire {unknown}
Scrolls
 d - a scroll of amnesia {unknown}
 e - 3 scrolls of enchant weapon {unknown}
 g - a scroll of enchant armour {unknown}
 h - a scroll of remove curse {unknown}
 i - a scroll of immolation {unknown}
 j - 5 scrolls of identify {unknown}
 l - a scroll of teleportation {unknown}
 p - a scroll of magic mapping {unknown}
Potions
 f - a potion of flight {unknown}
 n - a potion of curing {unknown}
 o - a potion of ambrosia {unknown}
 q - a potion of degeneration {unknown}
Comestibles
 b - 4 rations


   Skills:
 + Level 2.8 Fighting
 * Level 3.0 Dodging
 + Level 3.9 Unarmed Combat


You had 2 spell levels left.
You didn't know any spells.
Your spell library was empty.

Dungeon Overview and Level Annotations

Branches:
Dungeon (2/15)

Altars:


Innate Abilities, Weirdness & Mutations

You are too large for most types of armour.
You have claws for hands.
Your metabolism is lightning-fast.
You like to eat raw meat.
Your natural rate of healing is unusually fast.
You are covered in fur. (AC +1)
You have extremely tough skin. (AC +3)


Message History

The orc wizard hits you with a +0 dagger.
The orc closely misses you.
You closely miss the orc wizard.
The orc wizard is almost dead.
The orc wizard barely misses you. The orc hits you but does no damage.
The orc completely misses you.
The orc wizard points at you and mumbles some strange words.
You feel yourself slow down.
You closely miss the orc wizard.
The orc wizard is almost dead.
The orc wizard hits you with a +0 dagger.
The orc hits you with a +0 dagger. The orc hits you with a +0 whip.
* * * LOW HITPOINT WARNING * * *
The orc wizard hits you with a +0 dagger.
* * * LOW HITPOINT WARNING * * *
The orc wizard points at you and mumbles some strange words.
The magic dart hits you!
* * * LOW HITPOINT WARNING * * *
The orc hits you with a +0 whip.
You die...

#.# #####.# #.# #.#
#.....# #.# #.# #.#<..
#.# #.# ..... .# #.# #.#
#...### ..# #.# #.#
#.b...# #.# #.# ####.#
#ooo..# ###.###.# ..##.#
#######o###.# #....##.#
#.##.# #.....@o....#
#....##.# #.##.#
#......####.# #....##.#
#.##.# +......+
#.....#.# #.##.#
#......####.# #...#.#.#
#.##.# #....<......#
#...#...# ...#.#
#......########...##..#
#..#.#
......................>#
...#.#
################...#####
.#.#.# #####


You could see an orc wizard, 4 orcs and a bat.

Vanquished Creatures
  Terence (D:2)
  A worm (D:2)
  A dart slug (D:2)
  3 bats
  A giant cockroach (D:1)
  6 goblins
  3 hobgoblins (D:1)
  6 jackals
  3 ball pythons
  3 kobolds
  2 rats (D:1)
30 creatures vanquished.

Notes
Turn   | Place    | Note
-------+----------+-------------------------------------------
     0 | D:1      | Hopiakuusi the Troll Berserker began the quest for the Orb.
     0 | D:1      | Reached XP level 1. HP: 22/22 MP: 0/0
   222 | D:1      | Reached XP level 2. HP: 29/29 MP: 1/1
   838 | D:2      | Reached ** piety under Trog
  1181 | D:2      | Reached XP level 3. HP: 36/36 MP: 2/2
  1209 | D:2      | Noticed Terence
  1219 | D:2      | Killed Terence
  1440 | D:2      | Slain by an orc

Levels and vault maps discovered:
D:1:      dpeg_arrival_shelter, layout_basic, st_stairs_12
D:2:      layout_basic, overflow_temple_1_default, uniq_terence

Skill      XL: |  1  2  3 |
---------------+----------+-----
Dodging        | 3 |  3.0
Fighting       | |  2.8
Unarmed Combat | |  3.9

Action                   || total
-------------------------++-------
Melee: Unarmed           ||    87
       Punch             ||     1
  Eat: Chunk             ||    15
Armor: Animal skin       ||    32
Dodge: Dodged            ||    60
